 Dungeon Crawl Stone Soup version 0.27.0-1-g7a089689b8 (webtiles) character file.

Game seed: 10391858975665058136

81 Malachi the Magician (level 4, -9/31 HPs)
             Began as a Djinni Summoner on Aug 11, 2021.
             Mangled by an ogre (23 damage)
             ... on level 4 of the Dungeon.
             The game lasted 00:07:36 (7507 turns).

Malachi the Magician (Djinni Summoner)              Turns: 7507, Time: 00:07:36

Health: -9/31      AC:  2    Str:  7    XL:     4   Next: 67%
Gold:   141        EV: 12    Int: 18    God:
                   SH:  0    Dex: 13

rFire    + + .     SeeInvis .   b - +1 club
rCold    x . .     Faith    .   (no shield)
rNeg     . . .     Spirit   .   a - +0 robe
rPois    ∞         Reflect  .   (no helmet)
rElec    .         Harm     .   (no cloak)
rCorr    .         Rampage  .   (no gloves)
Will     .....                  (boots unavailable)
Stlth    ++........             (no amulet)
HPRegen  0.10/turn              (no ring)
MPRegen  0.00/turn              (no ring)

@: flying
A: sickness immunity, fire resistance 2, cold vulnerability 1, float, innate
caster, hp casting, extra vitality 1
a: no special abilities


You were on level 4 of the Dungeon.
You visited 1 branch of the dungeon, and saw 4 of its levels.

You collected 141 gold pieces.

Inventory:

Hand Weapons
 b - a +1 club (weapon)
Armour
 a - a +0 robe (worn)
Wands
 e - a wand of iceblast (9)
Scrolls
 c - 2 scrolls of identify
 d - 2 scrolls of teleportation
 g - a scroll of fog
 k - a scroll of blinking {unknown}
Potions
 f - a potion of might {unknown}
 h - a potion of heal wounds
 i - a potion of lignification {unknown}
 j - a potion of magic {unknown}


   Skills:
 + Level 0.3 Fighting
 + Level 0.2 Maces & Flails
 + Level 2.4 Dodging
 + Level 1.8 Stealth
 + Level 4.3 Spellcasting


You couldn't memorise any spells.
You knew the following spells:

 Your Spells              Type           Power      Damage    Failure   Level
a - Summon Small Mammal   Summ           76%        N/A       2%          1
b - Call Imp              Summ           19%        N/A       3%          2
c - Call Canine Familiar  Summ           19%        N/A       8%          3
d - Summon Guardian Gole  Hex/Summ       19%        N/A       8%          3
e - Summon Lightning Spi  Summ/Air       19%        N/A       24%         4
f - Pain                  Necr           76%        1d7       2%          1
Your spell library was empty.

Dungeon Overview and Level Annotations

Branches:
Dungeon (4/15)
 Temple: D:4-7

Altars:
Wu Jian


Innate Abilities, Weirdness & Mutations

You are immune to sickness and miasma.
You are immune to poison.
Your flesh is very heat resistant. (rF++)
You are vulnerable to cold. (rC-)
You float through the air rather than walking.
You learn spells naturally, not from books.
Your magical power is your life essence.
You have superior vitality. (+4 HP)


Message History

The ogre hits your lightning spire with a +0 giant club!!
Your lightning spire is destroyed!
Found a stone staircase leading up.
Casting: Summon Lightning Spire (extremely dangerous; 24% risk of failure)
Confirm with . or Enter, or press ? or * to list all spells.
The spell is extremely dangerous to cast (24% risk of failure)!
Continue anyway?
You miscast Summon Lightning Spire.
You are very lightly contaminated with residual magic.
Nothing appears to happen.
Unknown command.
An adder skeleton comes into view.
Casting: Summon Lightning Spire (extremely dangerous; 24% risk of failure)
Confirm with . or Enter, or press ? or * to list all spells.
The spell is extremely dangerous to cast (24% risk of failure)!
Continue anyway?
An electric hum fills the air.
The ogre hits your lightning spire with a +0 giant club!!
Your lightning spire is destroyed!
Casting: Summon Lightning Spire (extremely dangerous; 24% risk of failure)
Confirm with . or Enter, or press ? or * to list all spells.
The spell is extremely dangerous to cast (24% risk of failure)!
Continue anyway?
An electric hum fills the air.
Your magical contamination has completely faded away.
The ogre hits your lightning spire with a +0 giant club!!
Your lightning spire is destroyed!
The adder skeleton closely misses you.
The adder skeleton bites you but does no damage.
The adder skeleton bites you.
Found a stone staircase leading down.
The adder skeleton misses you.
An endoplasm comes into view.
Found 15 poisoned darts.
Casting: Summon Lightning Spire (extremely dangerous; 24% risk of failure)
Confirm with . or Enter, or press ? or * to list all spells.
The spell is extremely dangerous to cast (24% risk of failure)!
Continue anyway?
An electric hum fills the air.
The adder skeleton barely misses you.
The endoplasm quivers.
The adder skeleton bites something but does no damage.
The ogre hits you with a +0 giant club!!
Ouch! That really hurt!
You die...

#.#..# ## ..# #.#..# .#
..... #.# #.#..###.# ..#.
#.###.#...... ...
............
#.##.###..#.#.#
#.........!.#.#
#....##.#.#.#.# #
#....@........#
#.#...O.###..##)#
#.....Z.......#.#
##...<..#.##...#.#
..........#8##...#.#####
.......J.........#.#.#.##
..........#..#.#.#......#
.......#+###.#.#.#...#..#
...(... #...#.#...#..#


You could see an ogre (ally target), an endoplasm, an adder skeleton and a
friendly lightning spire (summoned).

Vanquished Creatures
  An adder (D:3)
  2 endoplasms (D:3)
  A goblin (D:1)
  A hobgoblin (D:3)
  A kobold (D:4)
  A rat (D:3)
7 creatures vanquished.

Vanquished Creatures (collateral kills)
  3 gnolls (D:3)
  An adder (D:3)
  3 worms
  2 dart slugs (D:1)
  4 orcs (D:3)
  3 endoplasms
  4 giant cockroaches
  3 goblins (D:1)
  5 hobgoblins
  6 jackals
  4 kobolds
  5 ball pythons
  6 bats
  2 frilled lizards
  3 rats
54 creatures vanquished.

Grand Total: 61 creatures vanquished

Notes
Turn   | Place    | Note
-------+----------+-------------------------------------------
     0 | D:1      | Malachi the Djinni Summoner began the quest for the Orb.
     0 | D:1      | Reached XP level 1. HP: 15/15 MP: 0/0
   562 | D:1      | Reached XP level 2. HP: 18/21 MP: 0/0
  2735 | D:1      | Reached XP level 3. HP: 17/25 MP: 0/0
  2735 | D:1      | Learned a level 1 spell: Pain
  4784 | D:2      | Reached skill level 4 in Spellcasting
  5676 | D:3      | Reached XP level 4. HP: 20/31 MP: 0/0
  5947 | D:3      | Found an ornate altar of the Wu Jian Council.
  6428 | D:3      | Found a faded altar of an unknown god.
  7467 | D:4      | Noticed an ogre
  7507 | D:4      | Mangled by an ogre

Illustrated notes

Levels and vault maps discovered:
D:1:      minmay_arrival_diagonal_passages, layout_basic, minivault_23
D:2:      layout_loops_ring
D:3:      layout_basic, amcnicky_altar_gilded,
          shapermc_ecumenical_altar_starsandcircs
D:4:      layout_basic, grunt_dithmenos_smoke, grunt_temple_overflow_open,
          portal_sewer_entry_e

Skill      XL: |  1  2  3 |
---------------+----------+-----
Spellcasting   | 4 |  4.3
Fighting       | |  0.3
Maces & Flails | |  0.2
Dodging        | |  2.4
Stealth        | |  1.8

Action                   |  1- 3 |  4- 6 || total
-------------------------+-------+-------++-------
Melee: Club              |    26 |     7 ||    33
 Cast: Summon Small Mamm |    26 |     3 ||    29
       Call Imp          |    46 |       ||    46
       Call Canine Famil |    14 |     2 ||    16
       Summon Guardian G |     5 |       ||     5
       Pain              |     2 |       ||     2
       Summon Lightning  |       |    10 ||    10
  Use: Scroll            |     5 |       ||     5
Armor: Robe              |    16 |     1 ||    17
Dodge: Dodged            |    61 |    10 ||    71
